 Dungeon Crawl Stone Soup version 0.26.1-11-gd32895ea62 (webtiles) character file.

Game seed: 15631927360849097332

414 ZappyNine the Sneak (level 7, -1/44 HPs)
             Began as a Kobold Brigand on May 21, 2021.
             Killed from afar by an orc wizard (8 damage)
             ... with a magic dart
             ... on level 4 of the Dungeon on May 25, 2021.
             The game lasted 00:06:03 (4436 turns).

ZappyNine the Sneak (Kobold Brigand)                Turns: 4436, Time: 00:06:03

Health: -1/44      AC:  2    Str:  9    XL:     7   Next: 14%
Magic:  7/7        EV: 18    Int: 12    God:
Gold:   240        SH:  0    Dex: 18    Spells: 6/6 levels left

rFire    . . .     SeeInvis .   a - +2 dagger
rCold    . . .     Faith    .   (shield restricted)
rNeg     . . .     Spirit   .   b - +0 robe
rPois    .         Reflect  .   (no helmet)
rElec    .         Harm     +   n - scarf {harm}
rCorr    .         Rampage  .   (no gloves)
Will     .....                  (no boots)
Stlth    +++++.....             (no amulet)
HPRegen  0.14/turn              (no ring)
MPRegen  0.10/turn              (no ring)

@: hasted, very quick
A: small, nightstalker 3
a: no special abilities


You were on level 4 of the Dungeon.
You visited 1 branch of the dungeon, and saw 4 of its levels.

You collected 240 gold pieces.

Inventory:

Hand Weapons
 a - a +2 dagger (weapon)
Missiles
 d - 6 poisoned darts (quivered)
Armour
 b - a +0 robe (worn)
 c - a +0 cloak
 n - a scarf of harm (worn)
Jewellery
 l - an uncursed ring of fire {unknown}
 s - an uncursed amulet of guardian spirit {unknown}
Wands
 t - a wand of paralysis (4)
Scrolls
 f - 4 scrolls of amnesia {unknown}
 g - 3 scrolls of immolation {unknown}
 h - 6 scrolls of identify {unknown}
 i - 2 scrolls of teleportation {unknown}
 k - 2 scrolls of blinking {unknown}
 m - 5 scrolls of remove curse {unknown}
 o - 2 scrolls of enchant weapon {unknown}
 q - a scroll of magic mapping {unknown}


   Skills:
 - Level 5.0 Fighting
 - Level 2.6 Short Blades
 - Level 2.1 Throwing
 - Level 5.0 Dodging
 + Level 7.2 Stealth


You had 6 spell levels left.
You didn't know any spells.
Your spell library was empty.

Dungeon Overview and Level Annotations

Branches:
Dungeon (4/15)
 Temple: D:4-7

Altars:
Cheibriados
The Shining One


Innate Abilities, Weirdness & Mutations

You are small and have problems with some larger weapons.
You are completely attuned to the shadows.


Message History

The orc wizard completely misses you.
Throw: 7 darts (poison)
Press: ? - help, Q - select action, (/) - cycle Shift-Dir - straight line, f - orc wizard
Aim: an orc wizard, wielding a +0 dagger and wearing a +0 robe (moderately wounded, fast, 58% to hit)
You throw a poisoned dart. The poisoned dart hits the orc wizard.
The orc wizard is poisoned.
The orc wizard is moderately wounded.
The orc wizard points at you and mumbles some strange words.
The magic dart hits you.
* * * LOW HITPOINT WARNING * * *
Unknown command.
You feel yourself speed up. The orc wizard completely misses you.
The orc wizard casts a spell at you. The magic dart hits you.
* * * LOW HITPOINT WARNING * * *
The orc wizard gestures at you while chanting.
You resist with some effort.
The orc wizard points at you and mumbles some strange words.
The magic dart hits you!
You die...

#.# #.#############
..............######
<..................#
##.#########...###.#
...............# #.#######
#.##########...###.......#
#.# ###.....#####.# #.#
###@### #.# #.# #.# ##>#
#.### #.######..# ....#
#.o..o(...# ###.#
#.######..# # #.# #.. #..#
###.# ### #o.# ....# #ยง.#
.#### #..#


You could see an orc wizard (fast, poisoned).

Vanquished Creatures
  2 howler monkeys (D:4)
  A hound (D:4)
  Jessica (D:2)
  An iguana (D:4)
  2 worker ants (D:4)
  2 howler monkey skeletons (D:4)
  5 gnolls
  7 adders
  2 worms
  5 dart slugs
  A leopard gecko (D:1)
  3 bats
  5 giant cockroaches
  6 hobgoblins
  5 jackals
  3 frilled lizards
  10 goblins
  7 kobolds
  4 rats
72 creatures vanquished.

Vanquished Creatures (others)
  5 toadstools (D:1)
5 creatures vanquished.

Grand Total: 77 creatures vanquished

Notes
Turn   | Place    | Note
-------+----------+-------------------------------------------
     0 | D:1      | ZappyNine the Kobold Brigand began the quest for the Orb.
     0 | D:1      | Reached XP level 1. HP: 12/12 MP: 1/1
   249 | D:1      | Reached skill level 6 in Stealth
   249 | D:1      | Reached XP level 2. HP: 17/17 MP: 2/2
  1071 | D:2      | Found a snail-covered altar of Cheibriados.
  1108 | D:2      | Reached XP level 3. HP: 19/21 MP: 3/3
  1456 | D:2      | Reached XP level 4. HP: 25/27 MP: 4/4
  1640 | D:2      | Noticed Jessica
  1642 | D:2      | Killed Jessica
  1805 | D:2      | Reached XP level 5. HP: 11/32 MP: 5/5
  2111 | D:2      | Found a glowing golden altar of the Shining One.
  2556 | D:3      | Found a snail-covered altar of Cheibriados.
  3497 | D:4      | Reached XP level 6. HP: 38/38 MP: 6/6
  4140 | D:4      | Reached skill level 5 in Fighting
  4140 | D:4      | Reached skill level 5 in Dodging
  4152 | D:4      | Reached XP level 7. HP: 11/44 MP: 7/7
  4171 | D:4      | Reached skill level 7 in Stealth
  4436 | D:4      | Killed from afar by an orc wizard

Illustrated notes

Levels and vault maps discovered:
D:1:      ldierk_walled_garden, layout_rooms
D:2:      layout_basic, lemuel_doored_altar, nicolae_tso_carved_into_rock,
          uniq_jessica
D:3:      layout_basic, kennysheep_slug_shrine
D:4:      kennysheep_goblin_castle, layout_loops_ring, lemuel_temple_firewalk_b,
          serial_shops, shop

Skill      XL: |  1  2  3  4  5  6  7 |
---------------+----------------------+-----
Stealth        | 6 7 |  7.2
Dodging        | 2 3 4 5 |  5.0
Fighting       | 3 4 5 |  5.0
Short Blades   | |  2.6
Throwing       | |  2.1

Action                   |  1- 3 |  4- 6 |  7- 9 || total
-------------------------+-------+-------+-------++-------
Melee: Dagger            |    59 |   155 |    18 ||   232
Throw: Dart              |     2 |    17 |     1 ||    20
  Use: Potion            |       |     4 |     1 ||     5
 Stab: Sleeping          |    15 |    20 |       ||    35
       Invisible         |       |       |     2 ||     2
Armor: Robe              |     6 |     7 |     1 ||    14
Dodge: Dodged            |    20 |   100 |    14 ||   134
